 Dungeon Crawl Stone Soup version 0.18.1-48-g4cf74bf (webtiles) character file.

33 fanaticazov the Magician (level 3, 0/24 HPs)
             Began as a Mummy Wizard on July 23, 2016.
             Slain by a jackal (2 damage)
             ... on level 1 of the Dungeon.
             The game lasted 00:07:48 (1290 turns).

fanaticazov the Magician (Mummy Wizard)             Turns: 1290, Time: 00:07:49

Health: 0/24       AC:  2    Str: 10    XL:     3   Next: 12%
Magic:  3/7        EV: 12    Int: 18    God:
Gold:   41         SH:  0    Dex: 10    Spells: 4 memorised, 0 levels left

rFire  x . .     SeeInvis .     f - +0 hand axe (curse)
rCold  + . .     Gourm    .     a - +0 robe
rNeg   + + +     Faith    .     (no shield)
rPois  ∞         Spirit   .     b - +0 hat
rElec  .         Dismiss  .     (no cloak)
rCorr  .         Reflect  .     (no gloves)
SustAt .         Harm     .     (no boots)
MR     .....                    (no amulet)
Stlth  ++........               (no ring)
                                (no ring)

@: very slightly contaminated, not resistant to hostile enchantments, unstealthy
A: no food or potions, fire vulnerability, cold resistance 1, negative energy
resistance 3, torment resistance, unbreathing
a: no special abilities


You were on level 1 of the Dungeon.
You were not hungry.

You visited 1 branch of the dungeon, and saw 2 of its levels.

You collected 41 gold pieces.

Inventory:

Hand Weapons
 e - a +0 dagger of speed
 f - a cursed +0 hand axe (weapon)
 g - a +0 mace
Armour
 a - a +0 robe (worn)
 b - a +0 hat (worn)
Scrolls
 d - 2 scrolls of identify {unknown}
Books
 c - a book of Minor Magic

   Spells                             Type                      Level
   a - Magic Dart                     Conjuration                  1
   b - Blink                          Translocation                2
   c - Call Imp                       Summoning                    2
   d - Repel Missiles                 Charms/Air                   2
   e - Slow                           Hexes                        2
   f - Conjure Flame                  Conjuration/Fire             3
   g - Mephitic Cloud                 Conjuration/Poison/Air       3


   Skills:
 - Level 1.5 Dodging
 - Level 1.5 Stealth
 - Level 3.0 Spellcasting
 - Level 2.5 Conjurations
 - Level 0.7 Summonings
 - Level 0.7 Translocations
 + Level 0.0 Air Magic
 + Level 0.0 Poison Magic


You couldn't memorise any spells.
You knew the following spells:

 Your Spells              Type           Power        Failure   Level  Hunger
a - Magic Dart            Conj           ##..         8%          1    N/A
b - Blink                 Tloc           N/A          21%         2    N/A
c - Call Imp              Summ           #.......     21%         2    N/A
d - Mephitic Cloud        Conj/Pois/Air  #.......     34%         3    N/A

Dungeon Overview and Level Annotations

Branches:
Dungeon (2/15)

Altars:
Trog


Innate Abilities, Weirdness & Mutations

You do not eat or drink.
Your flesh is vulnerable to fire.
You are immune to poison.
Your flesh is cold resistant.
You are immune to negative energy.
You are immune to unholy pain and torment.
You can survive without breathing.


Message History

There is a stone staircase leading down here.
Casting: Magic Dart
Confirm with . or Enter, or press ? or * to list all spells.
You miscast Blink.
You are very lightly contaminated with residual magic.
You spin around.
The jackal bites you but does no damage. x2
The giant gecko closely misses you. The rat misses you. The hobgoblin hits you.
The jackal bites you.
* * * LOW HITPOINT WARNING * * *
The jackal closely misses you. x2
Casting: Blink
Confirm with . or Enter, or press ? or * to list all spells.
You miscast Blink.
Strange energies run through your body. The giant gecko bites you.
* * * LOW HITPOINT WARNING * * *
The jackal bites you.
* * * LOW HITPOINT WARNING * * *
The jackal bites you.
You die...

######### #.......#
##### #.....#.# #....
#..##.#.#######....
#hh##.#.....#......
#r@h.....[..)......
#gl##.....#.#..)#..
#..######†#.#...##.
#..######.#.....##.
###.........'........
#......#.##.#(...####
#.####.#.##.#.#### #
#####.# #....#.#.# #
#.....# ###..#.#.# #


You could see a giant gecko, 3 jackals, a hobgoblin and a rat.

Vanquished Creatures
  A dart slug (D:1)
  A giant gecko (D:1)
  A ball python (D:1)
  3 goblins (D:1)
  8 hobgoblins (D:1)
  2 jackals (D:1)
  A bat (D:1)
  A giant newt (D:1)
  6 kobolds (D:1)
  2 rats (D:1)
26 creatures vanquished.

Notes
Turn   | Place    | Note
--------------------------------------------------------------
     0 | D:1      | fanaticazov the Mummy Wizard began the quest for the Orb.
     0 | D:1      | Reached XP level 1. HP: 13/13 MP: 4/4
   119 | D:1      | Reached skill level 1 in Conjurations
   430 | D:1      | Reached XP level 2. HP: 19/19 MP: 4/6
   434 | D:1      | Learned a level 2 spell: Blink
   437 | D:1      | Learned a level 2 spell: Call Imp
  1037 | D:2      | Found a bloodstained altar of Trog.
  1122 | D:1      | Reached XP level 3. HP: 16/24 MP: 5/7
  1284 | D:1      | Learned a level 3 spell: Mephitic Cloud
  1290 | D:1      | Slain by a jackal

Skill      XL: |  1  2 |
---------------+-------+-----
Conjurations   | 1 2 |  2.5
Dodging        | |  1.5
Stealth        | |  1.5
Spellcasting   | |  3.0
Summonings     | |  0.7
Translocations | |  0.7

Action                   || total
-------------------------++-------
Melee: Unarmed           ||     5
       Hand axe          ||    36
       Dagger            ||     4
 Cast: Magic Dart        ||    45
Armor: Robe              ||     8
Dodge: Dodged            ||    44
